 Dungeon Crawl Stone Soup version 0.24-a0-127-gfc1eed5 (webtiles) character file.

Game seed: 12918086076625735347

7 Gunnerkreig the Magician (level 1, -4/14 HPs)
             Began as a Draconian Wizard on Feb 25, 2019.
             Slain by a goblin
             ... wielding a +0 club
              (7 damage)
             ... on level 1 of the Dungeon.
             The game lasted 00:01:30 (76 turns).

Gunnerkreig the Magician (Draconian Wizard)           Turns: 76, Time: 00:01:31

Health: -4/14      AC:  4    Str:  9    XL:     1   Next: 83%
Magic:  0/4        EV: 12    Int: 18    God:
Gold:   0          SH:  0    Dex:  9    Spells: 5/6 levels left

rFire    . . .     SeeInvis .   (no weapon)
rCold    . . .     Gourm    .   (no shield)
rNeg     . . .     Faith    .   (armour unavailable)
rPois    .         Spirit   .   a - +0 hat
rElec    .         Reflect  .   (no cloak)
rCorr    .         Harm     .   (no gloves)
MR       .....                  (no boots)
Stlth    ++........             (no amulet)
HPRegen  0.04/turn              (no ring)
MPRegen  0.09/turn              (no ring)

@: no status effects
A: unfitting armour, cold-blooded, AC +4
a: no special abilities


You were on level 1 of the Dungeon.
You were not hungry.

You visited 1 branch of the dungeon, and saw 1 of its levels.

Inventory:

Armour
 a - a +0 hat (worn)
Scrolls
 d - a scroll of enchant weapon {unknown}
Comestibles
 b - a chunk of flesh
 c - a ration


   Skills:
 - Level 2.0 Dodging
 - Level 1.7 Stealth
 * Level 3.1 Spellcasting
 + Level 1.3 Conjurations
   Level 1.0 Summonings
   Level 1.0 Translocations


You had 5 spell levels left.
You knew the following spells:

 Your Spells              Type           Power        Failure   Level  Hunger
a - Magic Dart            Conj           #...         10%         1    None

Your spell library contained the following spells:

 Spells                   Type           Power        Failure   Level  Hunger
 Blink                    Tloc           N/A          16%         2    ##.....
 Call Imp                 Summ           #.......     16%         2    ##.....
 Slow                     Hex            #.......     24%         2    ##.....
 Conjure Flame            Conj/Fire      #.......     36%         3    ###....
 Mephitic Cloud           Conj/Pois/Air  #.......     38%         3    ###....


Dungeon Overview and Level Annotations

Branches:
Dungeon (1/15)

Altars:


Innate Abilities, Weirdness & Mutations

Your plain brown scales are hard. (AC +4)
You cannot fit into any form of body armour.
You are cold-blooded and may be slowed by cold attacks.


Message History

Casting: Magic Dart (safe; 10% risk of failure)
Confirm with . or Enter, or press ? or * to list all spells.
Aiming: Magic Dart (safe; 10% risk of failure)
Press: ? - help, Shift-Dir - straight line, f - kobold
Aim: a kobold, wielding a +0 dagger The magic dart hits the kobold.
The kobold is moderately wounded.
Casting: Magic Dart (safe; 10% risk of failure)
Confirm with . or Enter, or press ? or * to list all spells.
Aiming: Magic Dart (safe; 10% risk of failure)
Press: ? - help, Shift-Dir - straight line, f/p - kobold
Aim: a kobold, wielding a +0 dagger (moderately wounded)
The magic dart hits the kobold.
You kill the kobold!
Okay, then.
You aren't carrying any potions.
You closely miss the goblin. The goblin hits you but does no damage.
You closely miss the goblin. The goblin hits you with a +0 club!
Ouch! That really hurt!
You die...

#.....# #.....# #.....#
... #.....# .... ###....!#
#>. ...# ........# #.#
.#..# ........####.##.#..+
.........##.....#..#
.........@..#.# #..#
g.......#g..#.# #..#
....#####)....###..#######
..... ##..#†##..<.......
... ...##.................
.. #.....................
#...K....##...........
..##g###.............# .
#⌠ #.............#


You could see a goblin.

Vanquished Creatures
  A dart slug (D:1)
  2 kobolds (D:1)
  2 rats (D:1)
5 creatures vanquished.

Notes
Turn   | Place    | Note
-------+----------+-------------------------------------------
     0 | D:1      | Gunnerkreig the Draconian Wizard began the quest for the
                  | Orb.
     0 | D:1      | Reached XP level 1. HP: 14/14 MP: 4/4
    76 | D:1      | Slain by a goblin

Levels and vault maps discovered:
D:1:      minmay_arrival_stone_box, layout_rooms, minmay_pentomino_p4

Skill      XL: |  1 |
---------------+----+-----
Dodging        | 2 |  2.0
Stealth        | |  1.7
Spellcasting   | |  3.1
Conjurations   | |  1.3
Summonings     | |  1.0
Translocations | |  1.0

Action                   || total
-------------------------++-------
Melee: Unarmed           ||    26
 Cast: Magic Dart        ||    10
Armor: Skin              ||     8
Dodge: Dodged            ||     7

Table legend:
 A = Non-vault XP
 B = Vault XP
 C = Vault XP percentage of total XP
 D = Non-vault monster count
 E = Vault monster count
 F = Vault count percentage of total count
                 A         B        C        D         E       F
            +---------+---------+-------+---------+---------+-------
      Total |       6 |       4 |  40.0 |       2 |       3 |  60.0
            +---------+---------+-------+---------+---------+-------
        D:1 |       6 |       4 |  40.0 |       2 |       3 |  60.0
            +---------+---------+-------+---------+---------+-------
